 Dungeon Crawl Stone Soup version 0.25-a0-460-g4f2eb97ec1 (webtiles) character file.

Game seed: 15290787343672105142, levelgen mode: deterministic

53 asdasdasdasha the Grave Robber (level 4, -5/30 HPs)
             Began as a Human Necromancer on Feb 3, 2020.
             Killed from afar by Sigmund (8 damage)
             ... with a magic dart
             ... on level 2 of the Dungeon.
             The game lasted 00:07:56 (2605 turns).

asdasdasdasha the Grave Robber (Human Necromancer)  Turns: 2605, Time: 00:07:57

Health: -5/30      AC:  2    Str:  8    XL:     4   Next: 11%
Magic:  2/8        EV: 12    Int: 17    God:
Gold:   15         SH:  0    Dex: 13    Spells: 7/9 levels left

rFire    . . .     SeeInvis .   e - +1 dagger (holy)
rCold    . . .     Gourm    .   (no shield)
rNeg     . . .     Faith    .   a - +0 robe
rPois    .         Spirit   .   (no helmet)
rElec    .         Reflect  .   (no cloak)
rCorr    .         Harm     .   (no gloves)
MR       .....                  (no boots)
Stlth    ++........             (no amulet)
HPRegen  0.10/turn              (no ring)
MPRegen  0.11/turn              (no ring)

@: no status effects
A: no striking features
a: no special abilities


You were on level 2 of the Dungeon.
You were not hungry.

You visited 1 branch of the dungeon, and saw 2 of its levels.

You collected 15 gold pieces.

Inventory:

Hand Weapons
 e - a +1 dagger of holy wrath (weapon)
Armour
 a - a +0 robe (worn)
Wands
 f - a wand of enslavement (11)
Scrolls
 d - a scroll of identify
Comestibles
 b - 3 chunks of flesh
 c - 3 rations


   Skills:
 + Level 0.1 Fighting
 + Level 2.1 Dodging
 + Level 2.1 Stealth
 + Level 0.3 Unarmed Combat
 + Level 3.0 Spellcasting
 + Level 4.4 Necromancy


You had 7 spell levels left.
You knew the following spells:

 Your Spells              Type           Power        Failure   Level  Hunger
a - Pain                  Necr           ###.         2%          1    None
b - Animate Skeleton      Necr           N/A          2%          1    None

Your spell library contained the following spells:

 Spells                   Type           Power        Failure   Level  Hunger
 Vampiric Draining        Necr           ###.......   9%          3    ###....
 Animate Dead             Necr           N/A          26%         4    ####...
 Agony                    Necr           ###.....     58%         5    ######.


Dungeon Overview and Level Annotations

Branches:
Dungeon (2/15)

Altars:

Annotations:
D:2 Sigmund


Message History

Casting: Pain (safe; 2% risk of failure)
Confirm with . or Enter, or press ? or * to list all spells.
You can't see any susceptible monsters within range! (Use Z to cast anyway.)
Casting: Pain (safe; 2% risk of failure)
Confirm with . or Enter, or press ? or * to list all spells.
Aiming: Pain (safe; 2% risk of failure)
Press: ? - help, Shift-Dir - straight line Something writhes in agony.
Something completely misses you.
Casting: Pain (safe; 2% risk of failure)
Confirm with . or Enter, or press ? or * to list all spells.
You don't have enough magic to cast that spell.
Something tries to affect you, but you resist.
Something hits you.
* * * LOW HITPOINT WARNING * * *
Casting: Pain (safe; 2% risk of failure)
Confirm with . or Enter, or press ? or * to list all spells.
You can't see any susceptible monsters within range! (Use Z to cast anyway.)
A magic dart appears from out of thin air!
The magic dart hits you!
You die...

ZZZ.ZZZZZ.......######
###############......#
### ######.# ..# ##..#
..# ##############..#####
.<###...................#
......############....###
..>#### ##....###
.....####### #.@#.##
..##........###..#.######
.)#########.....#.......#
.{.#########....#.......#
##.#..........#.........#
#...####..####.........#
...#......## #..#.......#
######.#### #.##)......#
#.....##.. #.......#


There were no monsters in sight!

Vanquished Creatures
  A gnoll (D:1)
  5 bats
  A giant cockroach (D:1)
  5 goblins
  8 hobgoblins
  5 jackals
  A quokka (D:2)
  A ball python (D:1)
  A frilled lizard (D:2)
  3 kobolds (D:1)
  10 rats
41 creatures vanquished.

Notes
Turn   | Place    | Note
-------+----------+-------------------------------------------
     0 | D:1      | asdasdasdasha the Human Necromancer began the quest for the
                  | Orb.
     0 | D:1      | Reached XP level 1. HP: 13/13 MP: 3/3
   476 | D:1      | Reached XP level 2. HP: 1/19 MP: 0/5
   488 | D:1      | Learned a level 1 spell: Animate Skeleton
   989 | D:1      | Reached XP level 3. HP: 20/24 MP: 1/7
  2453 | D:2      | Reached XP level 4. HP: 30/30 MP: 5/8
  2538 | D:2      | Noticed Sigmund
  2605 | D:2      | Killed from afar by Sigmund

Levels and vault maps discovered:
D:1:      dpeg_arrival_ratfight, layout_basic
D:2:      layout_rooms, first_ration, uniq_sigmund

Skill      XL: |  1  2  3 |
---------------+----------+-----
Spellcasting   | 3 |  3.0
Fighting       | |  0.1
Dodging        | |  2.1
Stealth        | |  2.1
Unarmed Combat | |  0.3
Necromancy     | |  4.4

Action                   |  1- 3 |  4- 6 || total
-------------------------+-------+-------++-------
Melee: Unarmed           |    58 |       ||    58
       Dagger            |    27 |     2 ||    29
 Cast: Pain              |    53 |    16 ||    69
       Animate Skeleton  |    12 |     3 ||    15
  Use: Scroll            |     1 |       ||     1
  Eat: Chunk             |     5 |     1 ||     6
Armor: Robe              |    15 |     3 ||    18
Dodge: Dodged            |    88 |     6 ||    94

Table legend:
 A = Non-vault XP
 B = Vault XP
 C = Vault XP percentage of total XP
 D = Non-vault monster count
 E = Vault monster count
 F = Vault count percentage of total count
                 A         B        C        D         E       F
            +---------+---------+-------+---------+---------+-------
      Total |      72 |       5 |   6.5 |      36 |       5 |  12.2
            +---------+---------+-------+---------+---------+-------
        D:1 |      51 |       5 |   8.9 |      23 |       5 |  17.9
        D:2 |      21 |       0 |   0.0 |      13 |       0 |   0.0
            +---------+---------+-------+---------+---------+-------
